 Dungeon Crawl Stone Soup version 0.28-a0-919-g0b5b508569 (webtiles) character file.

Game seed: 3686252296996869175

2657 jasper the Grappler (level 9, -2/66 HPs)
             Began as a Djinni Berserker on Nov 25, 2021.
             Was an Elder of Trog.
             Slain by a killer bee (7 damage)
             ... on level 7 of the Dungeon.
             The game lasted 00:09:43 (7866 turns).

jasper the Grappler (Djinni Berserker)              Turns: 7866, Time: 00:09:44

Health: -2/66      AC:  8    Str: 16    XL:     9   Next: 94%
Gold:   352        EV: 10    Int: 10    God:    Trog [****..] SH: 11 Dex: 15

rFire   + + .      SeeInvis +     - Unarmed
rCold   x . .      Faith    +   c - +1 kite shield
rNeg    . . .      Spirit   .   w - +0 scale mail
rPois   ∞          Reflect  .   l - +0 helmet
rElec   .          Harm     .   (no cloak)
rCorr   +          Rampage  .   (no gloves)
Will    .....                   (boots unavailable)
Stlth   ..........              q - amulet of faith
HPRegen 0.21/turn               y - ring of resist corrosion
MPRegen 0.00/turn               G - ring of see invisible

@: flying
A: sickness immunity, fire resistance 2, cold vulnerability 1, float, innate
caster, hp casting, extra vitality 1
a: Renounce Religion, Berserk, Trog's Hand, Brothers in Arms


You were on level 7 of the Dungeon.
You worshipped Trog.
Trog was greatly pleased with you.
You visited 1 branch of the dungeon, and saw 7 of its levels.

You collected 352 gold pieces.

Inventory:

Missiles
 k - 216 stones (quivered)
 B - 11 poisoned darts
 D - a throwing net
Armour
 a - a +0 animal skin
 c - a +1 kite shield (worn)
 d - a +0 ring mail
 g - a +0 chain mail
 l - a +0 helmet (worn)
 w - a +0 scale mail (worn)
Jewellery
 h - a +6 ring of intelligence
 q - an amulet of faith (around neck)
 y - a ring of resist corrosion (left hand)
 G - a ring of see invisible (right hand)
Wands
 p - a wand of acid (16)
Scrolls
 j - a scroll of fear {unknown}
 t - 2 scrolls of teleportation
 u - 2 scrolls of immolation
 x - a scroll of brand weapon {unknown}
 A - a scroll of enchant weapon {unknown}
 C - a scroll of enchant armour
 E - 2 scrolls of identify
 H - a scroll of magic mapping {unknown}
 I - a scroll of torment {unknown}
Potions
 b - 4 potions of curing
 e - a potion of magic
 f - a potion of resistance {unknown}
 i - 2 potions of attraction {unknown}
 m - 3 potions of might {unknown}
 n - 2 potions of haste {unknown}
 o - a potion of mutation {unknown}
 r - a potion of heal wounds {unknown}
 s - 2 potions of brilliance {unknown}
 v - a potion of flight {unknown}
 z - 2 potions of degeneration {unknown}
 F - a potion of cancellation {unknown}


   Skills:
 + Level 6.1 Fighting
 + Level 5.5 Armour
 - Level 5.4 Dodging
 + Level 5.2 Shields
 * Level 8.2 Unarmed Combat


You couldn't memorise any spells.
You knew the following spells:

 Your Spells              Type           Power      Damage    Failure   Level
a - Summon Small Mammal   Summ           0%         N/A       99%         1
b - Static Discharge      Conj/Air       0%         N/A       100%        2
c - Ozocubu's Armour      Ice            0%         N/A       100%        3
d - Hailstorm             Conj/Ice       0%         3d3       100%        4
Your spell library was empty.


Dungeon Overview and Level Annotations

Branches:
Dungeon (7/15)             Temple (0/1) D:6

Altars:
Kikubaaqudgha
Wu Jian

Shops:
D:1 *


Innate Abilities, Weirdness & Mutations

You are immune to sickness and miasma.
You are immune to poison.
Your flesh is very heat resistant. (rF++)
You are vulnerable to cold. (rC-)
You float through the air rather than walking.
You learn spells naturally, not from books.
Your magical power is your life essence.
You have superior vitality. (+4 HP)


Message History

The killer bee is severely wounded.
A killer bee comes into view.
The killer bee stings you. You block the killer bee's attack.
You take 4 damage, and have 34/66 hp.
You closely miss the killer bee.
The killer bee is severely wounded.
The killer bee buzzes angrily.
You block the killer bee's attack.
The killer bee stings you but does no damage.
You barely miss the killer bee.
The killer bee is severely wounded.
The killer bee barely misses you. x2
You closely miss the killer bee.
The killer bee is severely wounded.
You block the killer bee's attack. The killer bee stings you.
You take 3 damage, and have 32/66 hp.
You punch the killer bee!
You kill the killer bee!
Trog accepts your kill. The killer bee stings you!
You take 8 damage, and have 24/66 hp.
You hit the killer bee but do no damage.
The killer bee closely misses you. You block the killer bee's attack.
You closely miss the killer bee. You block the killer bee's attack.
The killer bee barely misses you.
You miss the killer bee. The killer bee barely misses you.
You block the killer bee's attack. The killer bee stings you!
* * * LOW HITPOINT WARNING * * *
You miss the killer bee.
The killer bee stings you but does no damage.
The killer bee stings you.
* * * LOW HITPOINT WARNING * * *
You miss the killer bee. The killer bee closely misses you.
The killer bee barely misses you.
You completely miss the killer bee. You block the killer bee's attack.
The killer bee stings you!
* * * LOW HITPOINT WARNING * * *
You miss the killer bee. The killer bee barely misses you.
The killer bee stings you!
You die...

..>..#
#.##.##...).......##.##.
.....#
#.##.##.##...###..##....
..#..#####.##.##.##...#
#..######
.##.).........##.###.####..#
#. .
#.######.................# #.
. #.######.####..###..###.##
#. ..............# #..# #.# #.
#######.#.##.####..###.######.
#.#....@yyy.............
#.########y..##########. #.#
#...# #.. #.# #y[............
#.. ....##########. ##. y###
#. . .y .. ## ### #


You could see 4 killer bees.

Vanquished Creatures
  A centaur zombie (D:7)
  Grinder (D:4)
  Prince Ribbit (D:5)
  2 black bears
  An ice beast (D:6)
  2 necrophages
  An ogre (D:4)
  2 centaurs
  Blork the orc (D:4)
  A bullfrog (D:7)
  4 scorpions
  A wyvern skeleton (D:6)
  2 killer bees (D:7)
  4 howler monkeys
  A bullfrog zombie (D:5)
  A centaur skeleton (D:6)
  A jelly (D:5)
  2 hounds
  2 iguanas
  An orc wizard (D:4)
  A scorpion zombie (D:5)
  2 hound skeletons (D:4)
  A howler monkey zombie (D:6)
  Robin (D:4)
  8 gnolls (D:6)
  8 adders
  A howler monkey skeleton (D:6)
  A shadow imp (D:7)
  2 white imps
  An ufetubus (D:4)
  2 adder skeletons (D:4)
  2 worms
  2 dart slugs
  5 orcs (D:6)
  4 bats
  2 endoplasms
  2 giant cockroaches
  25 goblins
  18 hobgoblins
  7 jackals
  8 kobolds
  6 quokkas
  3 ball pythons
  4 frilled lizards
  5 rats
153 creatures vanquished.

Vanquished Creatures (others)
  3 plants (D:6)
3 creatures vanquished.

Grand Total: 156 creatures vanquished

Notes
Turn   | Place    | Note
-------+----------+-------------------------------------------
     0 | D:1      | jasper the Djinni Berserker began the quest for the Orb.
     0 | D:1      | Reached XP level 1. HP: 20/20 MP: 0/0
   378 | D:1      | Found Poaweku's General Store.
   425 | D:1      | Reached XP level 2. HP: 20/25 MP: 0/0
  1099 | D:2      | Reached XP level 3. HP: 30/30 MP: 0/0
  1099 | D:2      | Learned a level 1 spell: Summon Small Mammal
  1237 | D:2      | Found a faded altar of an unknown god.
  1422 | D:2      | Reached skill level 1 in Shields
  1581 | D:2      | Reached XP level 4. HP: 35/35 MP: 0/0
  2449 | D:3      | Reached ** piety under Trog
  2577 | D:3      | Reached XP level 5. HP: 39/40 MP: 0/0
  2577 | D:3      | Learned a level 2 spell: Static Discharge
  2741 | D:3      | Reached skill level 4 in Unarmed Combat
  2779 | D:3      | Found an ornate altar of the Wu Jian Council.
  3036 | D:4      | Noticed Robin
  3094 | D:4      | Killed Robin
  3446 | D:4      | Noticed Blork the orc
  3448 | D:4      | Noticed an ogre
  3457 | D:4      | Killed Blork the orc
  3458 | D:4      | Reached XP level 6. HP: 47/47 MP: 0/0
  3461 | D:4      | Killed an ogre
  3703 | D:4      | Noticed Grinder
  3718 | D:4      | Killed Grinder
  3719 | D:4      | Reached skill level 5 in Unarmed Combat
  3719 | D:4      | Reached XP level 7. HP: 52/52 MP: 0/0
  3719 | D:4      | Learned a level 3 spell: Ozocubu's Armour
  4469 | D:5      | Entered Level 5 of the Dungeon
  4681 | D:5      | Reached XP level 8. HP: 29/58 MP: 0/0
  4859 | D:5      | Reached *** piety under Trog
  4880 | D:5      | Noticed Prince Ribbit
  4908 | D:5      | Killed Prince Ribbit
  4909 | D:5      | Reached skill level 6 in Unarmed Combat
  5220 | D:5      | Reached skill level 5 in Fighting
  5416 | D:5      | Reached skill level 5 in Dodging
  5457 | D:5      | Reached XP level 9. HP: 58/65 MP: 0/0
  5457 | D:5      | Learned a level 4 spell: Hailstorm
  5871 | D:6      | Reached skill level 7 in Unarmed Combat
  6748 | D:6      | Reached skill level 5 in Armour
  6944 | D:6      | Reached **** piety under Trog
  7172 | D:6      | Found a staircase to the Ecumenical Temple.
  7697 | D:7      | Reached skill level 5 in Shields
  7697 | D:7      | Reached skill level 8 in Unarmed Combat
  7866 | D:7      | Slain by a killer bee

Illustrated notes

Levels and vault maps discovered:
D:1:      minmay_arrival_stone_box, layout_basic, serial_shops,
          nicolae_shop_hallway_plus, due_unseen_surprise
D:2:      layout_basic, dilly_ecumenical_altar_fadedgnrine, serial_rivers,
          chequers_serial_rivers_small_a, chequers_serial_rivers_micro_c,
          chequers_serial_rivers_small_3, chequers_serial_rivers_small_a,
          minmay_distorted
D:3:      layout_rooms, lemuel_tele_altar
D:4:      layout_loops_cross, amcnicky_altar_gilded, hangedman_decor_riveting,
          kennysheep_potato, uniq_robin, uniq_blork_the_orc, uniq_grinder
D:5:      black_bear_nest_2, layout_loops_ring, item_on_display_a,
          uniq_prince_ribbit1
D:6:      corexii_shantytown, layout_rooms, minmay_temple_entry_nine_rooms,
          minmay_misc_feat_enclosed, due_unseen_surprise
D:7:      layout_loops_ring

Skill      XL: |  1  2  3  4  5  6  7  8  9 |
---------------+----------------------------+-----
Shields        | 1 2 3 4 5 |  5.2
Unarmed Combat | 4 5 6 8 |  8.2
Dodging        | 3 4 5 |  5.4
Armour         | 3 4 5 |  5.5
Fighting       | 4 5 6 |  6.1

Action                   |  1- 3 |  4- 6 |  7- 9 || total
-------------------------+-------+-------+-------++-------
Melee: Unarmed           |   121 |   193 |   445 ||   759
Throw: Boomerang         |     2 |    24 |    36 ||    62
       Stone             |       |       |     4 ||     4
Invok: Berserk           |       |     3 |     5 ||     8
       Trog's Hand       |       |     2 |     1 ||     3
Evoke: Wand              |       |       |     1 ||     1
  Use: Scroll            |     2 |     5 |     3 ||    10
Armor: Ring mail         |    21 |       |       ||    21
       Chain mail        |    71 |   126 |   121 ||   318
       Scale mail        |       |       |    83 ||    83
Dodge: Dodged            |    35 |    32 |   149 ||   216
Block: Kite shield       |    43 |    88 |   276 ||   407

Table legend: (Time is in decaauts)
 A = Elapsed time spent in this place.
 B = Non-inter-level travel time spent in this place.
 C = Inter-level travel time spent in this place.
 D = Time resting spent in this place.
 E = Time spent auto-exploring this place.
 F = Levels seen in this place.
 G = Mean time per level.
                   A        B        C        D        E       F      G
               +--------+--------+--------+--------+--------+-----+--------+
         Total |   8078 |   7945 |    133 |   1078 |   5139 |   7 | 1154.0 |
       Dungeon |   8078 |   7945 |    133 |   1078 |   5139 |   7 | 1154.0 |
               +--------+--------+--------+--------+--------+-----+--------+

Top non-repeatable levels by time:
     D:4: 1530 daAuts
     D:5: 1429 daAuts
     D:6: 1421 daAuts
     D:2: 1216 daAuts
     D:1: 922 daAuts
     D:3: 915 daAuts
     D:7: 642 daAuts
